 Dungeon Crawl Stone Soup version 0.26-a0-665-gefeb406119 (webtiles) character file.

Game seed: 16246918192271103344

317 jasper the Conjurer (level 6, 0/45 HPs)
             Began as a Demigod Conjurer on Oct 16, 2020.
             Shot with an arrow by a centaur (2 damage)
             ... on level 5 of the Dungeon.
             The game lasted 00:05:17 (4180 turns).

jasper the Conjurer (Demigod Conjurer)              Turns: 4180, Time: 00:05:18

Health: 0/45       AC:  3    Str: 16    XL:     6   Next: 0%
Magic:  11/14      EV: 12    Int: 26    God:
Gold:   254        SH:  0    Dex: 14    Spells: 4/11 levels left

rFire    + . .     SeeInvis .   i - +0 hand axe
rCold    . . .     Faith    .   (no shield)
rNeg     . . .     Spirit   .   e - +0 leather armour
rPois    .         Reflect  .   (no helmet)
rElec    .         Harm     .   (no cloak)
rCorr    .         Rampage  .   (no gloves)
MR       .....                  (no boots)
Stlth    ++........             (no amulet)
HPRegen  0.15/turn              j - +6 ring of strength
MPRegen  0.14/turn              w - ring of protection from fire

@: no status effects
A: high mp 1
a: no special abilities


You were on level 5 of the Dungeon.
You visited 1 branch of the dungeon, and saw 5 of its levels.

You collected 254 gold pieces.

Inventory:

Hand Weapons
 i - a +0 hand axe (weapon)
 q - a +0 hunting sling
Missiles
 c - 133 stones (quivered)
 h - 2 throwing nets
 r - 46 sling bullets
Armour
 a - a +0 robe
 e - a +0 leather armour (worn)
Jewellery
 j - a +6 ring of strength (left hand)
 w - a ring of protection from fire (right hand)
Scrolls
 f - 4 scrolls of teleportation {unknown}
 k - 3 scrolls of remove curse {unknown}
 l - 5 scrolls of identify {unknown}
 m - a scroll of blinking {unknown}
 o - 4 scrolls of enchant weapon {unknown}
 p - a scroll of magic mapping {unknown}
 x - a scroll of amnesia {unknown}
Potions
 b - a potion of degeneration {unknown}
 d - 3 potions of might {unknown}
 g - 2 potions of haste {unknown}
 n - 2 potions of magic {unknown}
 s - a potion of brilliance {unknown}
 t - a potion of berserk rage {unknown}
 u - a potion of mutation {unknown}
 v - 2 potions of flight {unknown}


   Skills:
 - Level 1.7 Dodging
 - Level 1.7 Stealth
 + Level 3.4 Spellcasting
 * Level 6.0 Conjurations
 + Level 0.0 Hexes


You had 4 spell levels left.
You knew the following spells:

 Your Spells              Type           Power        Failure   Level
a - Magic Dart            Conj           ####         1%          1
b - Searing Ray           Conj           #####.       1%          2
c - Fulminant Prism       Conj/Hex       ###.......   32%         4

Your spell library contained the following spells:

 Spells                   Type           Power        Failure   Level
 Dazzling Flash           Conj/Hex       ###...       10%         3
 Iskenderun's Mystic Bla  Conj/Tloc      ###.....     32%         4


Dungeon Overview and Level Annotations

Branches:
Dungeon (5/15)
 Temple: D:4-7


Innate Abilities, Weirdness & Mutations

You have an increased reservoir of magic. (+10% MP)


Message History

You start resting.
The centaur shoots an arrow.
The arrow hits you! The arrow freezes you.
You take 14 damage, and have 25/45 hp.
MASSIVE DAMAGE!!
Casting: Searing Ray (safe; 1% risk of failure)
Confirm with . or Enter, or press ? or * to list all spells.
Aiming: Searing Ray (safe; 1% risk of failure)
Press: ? - help, Shift-Dir - straight line, f - centaur
Aim: a centaur, wielding a +1 shortbow of freezing and quivering 8 arrows The searing ray hits the centaur.
The centaur is moderately wounded. (Press . to maintain the ray.)
The centaur shoots an arrow.
The arrow hits you. The arrow freezes you.
You take 3 damage, and have 22/45 hp.
You now have 12/14 mp.
The searing ray hits the centaur.
The centaur is heavily wounded.
The centaur shoots an arrow.
The arrow hits you. The arrow freezes you.
The centaur shoots an arrow.
The arrow hits you!
* * * LOW HITPOINT WARNING * * *
The arrow freezes you.
You die...

#.....# #.....# #.....#
#.....# #.....# #.....#
#.....# #.....#
###.....##########.<.).#
#.....##†...#.##)##'##..
#.....c...#..........#..
#....(#...#..........#..
#.....#@..#..........#..
##.....##.####+##..##+#..
#.......#+# #### ...
#.......+ ... #.......#
... #c......# #?...#####
#.... #....


You could see a centaur.

Vanquished Creatures
  A centaur (D:5)
  Jessica (D:2)
  3 worker ants (D:4)
  5 adders
  3 worms
  2 leopard geckos
  9 orcs (D:3)
  5 giant cockroaches
  10 goblins
  6 hobgoblins
  6 jackals
  2 quokkas
  A ball python (D:1)
  9 bats
  4 frilled lizards
  8 kobolds
  A quokka skeleton (D:4)
  8 rats
84 creatures vanquished.

Notes
Turn   | Place    | Note
-------+----------+-------------------------------------------
     0 | D:1      | jasper the Demigod Conjurer began the quest for the Orb.
     0 | D:1      | Reached XP level 1. HP: 14/14 MP: 5/5
   318 | D:1      | Reached skill level 4 in Conjurations
   318 | D:1      | Reached XP level 2. HP: 20/20 MP: 2/7
   381 | D:1      | Learned a level 2 spell: Searing Ray
   642 | D:1      | You fall into a shaft and drop 1 floor!
   797 | D:2      | Reached XP level 3. HP: 26/26 MP: 2/9
  1243 | D:2      | Found a broken altar of Ashenzari.
  1296 | D:2      | Noticed Jessica
  1301 | D:2      | Killed Jessica
  1568 | D:2      | Reached XP level 4. HP: 30/33 MP: 10/10
  1619 | D:2      | Found a glowing silver altar of Zin.
  2260 | D:3      | Reached skill level 5 in Conjurations
  2407 | D:3      | Learned a level 4 spell: Fulminant Prism
  2982 | D:3      | Found a burning altar of Makhleb.
  2987 | D:3      | Found an ornate altar of the Wu Jian Council.
  2990 | D:3      | Found an iron altar of Okawaru.
  2990 | D:3      | Found a shadowy altar of Dithmenos.
  2990 | D:3      | Found a hazy altar of Hepliaklqana.
  2996 | D:3      | Found a bloodstained altar of Trog.
  3236 | D:4      | Reached XP level 5. HP: 30/38 MP: 8/12
  3965 | D:4      | Noticed an ogre
  4001 | D:5      | Entered Level 5 of the Dungeon
  4001 | D:5      | Noticed a centaur
  4005 | D:5      | Killed a centaur
  4005 | D:5      | Reached skill level 6 in Conjurations
  4078 | D:5      | Reached XP level 6. HP: 42/45 MP: 4/14
  4180 | D:5      | HP: 2/45 [centaur/arrow (17)]
  4180 | D:5      | Shot with an arrow by a centaur

Illustrated notes

Levels and vault maps discovered:
D:1:      dpeg_arrival_lava_altar, layout_basic
D:2:      layout_rooms, lemuel_round_altar, evilmike_ruin_ashenzari,
          uniq_jessica
D:3:      layout_basic, minitemple, nicolae_underground_beach
D:4:      layout_basic
D:5:      layout_gridville, serial_shops, shop

Skill      XL: |  1  2  3  4  5 |
---------------+----------------+-----
Spellcasting   | 2 3 |  3.4
Conjurations   | 4 5 6 |  6.0
Dodging        | |  1.7
Stealth        | |  1.7

Action                   |  1- 3 |  4- 6 || total
-------------------------+-------+-------++-------
Melee: Hand axe          |    30 |    18 ||    48
 Cast: Magic Dart        |    37 |    27 ||    64
       Searing Ray       |     5 |    24 ||    29
Armor: Robe              |     1 |       ||     1
       Leather armour    |    14 |     9 ||    23
Dodge: Dodged            |    33 |    39 ||    72

Table legend: (Time is in decaauts)
 A = Elapsed time spent in this place.
 B = Non-inter-level travel time spent in this place.
 C = Inter-level travel time spent in this place.
 D = Time resting spent in this place.
 E = Time spent auto-exploring this place.
 F = Levels seen in this place.
 G = Mean time per level.
                   A        B        C        D        E       F      G
               +--------+--------+--------+--------+--------+-----+--------+
         Total |   4193 |   4102 |     91 |    788 |   2814 |   5 |  838.6 |
       Dungeon |   4193 |   4102 |     91 |    788 |   2814 |   5 |  838.6 |
               +--------+--------+--------+--------+--------+-----+--------+

Top non-repeatable levels by time:
     D:3: 1183 daAuts
     D:2: 987 daAuts
     D:1: 985 daAuts
     D:4: 858 daAuts
     D:5: 178 daAuts
